 Dungeon Crawl Stone Soup version 0.19-a0-1821-g42c593c (webtiles) character file.

30 PurpleRed the Conjurer (level 3, -2/28 HPs)
             Began as a Kobold Conjurer on Oct 6, 2016.
             Slain by a worker ant (4 damage)
             ... on level 4 of the Dungeon.
             The game lasted 00:04:55 (557 turns).

PurpleRed the Conjurer (Kobold Conjurer)             Turns: 557, Time: 00:04:55

Health: -2/28      AC:  4    Str: 10    XL:     3   Next: 35%
Magic:  2/7        EV: 15    Int: 17    God:
Gold:   47         SH:  0    Dex: 15    Spells: 1 memorised, 7 levels left

rFire  . . .     SeeInvis .     o - +0 quarterstaff
rCold  . . .     Gourm    .     a - +0 robe
rNeg   . . .     Faith    .     (shield currently unavailable)
rPois  .         Spirit   .     l - +0 helmet (curse)
rElec  .         Dismiss  .     i - +0 cloak
rCorr  .         Reflect  .     (no gloves)
MR     .....     Harm     .     (no boots)
Stlth  ..........               (no amulet)
                                (no ring)
                                (no ring)

@: berserking, lethally poisoned (-2 -> -9), very quick
A: carnivore 3
a: no special abilities


You were on level 4 of the Dungeon.
You were not hungry.

You visited 1 branch of the dungeon, and saw 4 of its levels.

You collected 47 gold pieces.

Inventory:

Hand Weapons
 h - a +0 club
 m - a +0 spear
 o - a +0 quarterstaff (weapon)
Armour
 a - a +0 robe (worn)
 i - a +0 cloak (worn)
 l - a cursed +0 helmet (worn)
Scrolls
 d - a scroll of immolation {unknown}
 f - 4 scrolls of remove curse {unknown}
 g - a scroll of recharging {unknown}
 p - 2 scrolls of teleportation {unknown}
Potions
 e - a potion of brilliance {unknown}
 j - a potion of curing {unknown}
 k - a potion of might {unknown}
 n - a potion of flight {unknown}
 q - a potion of haste {unknown}
 r - a potion of berserk rage
Books
 b - a book of Conjurations

   Spells                             Type                      Level
   a - Magic Dart                     Conjuration                  1
   b - Searing Ray                    Conjuration                  2
   c - Dazzling Spray                 Conjuration/Hexes            3
   d - Fulminant Prism                Conjuration/Hexes            4
   e - Iskenderun's Mystic Blast      Conjuration                  4
   f - Iskenderun's Battlesphere      Conjuration/Charms           5
Comestibles
 c - 2 meat rations
 s - a slice of pizza


   Skills:
 - Level 2.4 Dodging
 - Level 2.6 Stealth
 + Level 3.0 Spellcasting
 + Level 4.5 Conjurations


You had 7 spell levels left.
You knew the following spells:

 Your Spells              Type           Power        Failure   Level  Hunger
a - Magic Dart            Conj           ###.         2%          1    None


Dungeon Overview and Level Annotations

Branches:
Dungeon (4/15)
 Temple: D:4-7

Altars:
Nemelex Xobeh
Uskayaw


Innate Abilities, Weirdness & Mutations

You are small and have problems with some larger weapons.
You are carnivorous and can eat meat at any time.


Message History

Confirm with . or Enter, or press ? or * to list all spells.
Aiming: Magic Dart
Press: ? - help, Shift-Dir - straight line, f/p - worker ant
Aim: a worker ant (moderately wounded)
The magic dart hits the worker ant.
The worker ant is moderately wounded.
You feel sick. The worker ant bites you.
It was a potion of berserk rage.
A red film seems to cover your vision as you go berserk!
You feel yourself moving faster!
You feel mighty!
You feel sick. The worker ant closely misses you. The worker ant bites you.
* * * LOW HITPOINT WARNING * * *
You sock the worker ant!
The worker ant is severely wounded.
* * * LOW HITPOINT WARNING * * *
You feel sick. The worker ant misses you.
You hit the worker ant.
The worker ant is severely wounded.
The worker ant bites you.
You die...

#..###.......##..##
#.#..................
#..................##
#.#..................
.###....#...........#.#.
.................#####...
..........##.....#####.#.
..............#..##.##...
.......@.##..#..##.##.##
####.##.a...........##..#
..........##..#....<.....
....(....................
...#.##..###.##..######.#
. #. #..# #......# #.# #
#... ..##...# #.#
##...... ..# #.# ....a.#
..#


You could see a worker ant.

Vanquished Creatures
  Robin (D:2)
  2 leopard geckos
  5 goblins
  A hobgoblin (D:3)
  4 kobolds
  2 quokkas
  A frilled lizard (D:3)
16 creatures vanquished.

Notes
Turn   | Place    | Note
-------+----------+-------------------------------------------
     0 | D:1      | PurpleRed the Kobold Conjurer began the quest for the Orb.
     0 | D:1      | Reached XP level 1. HP: 10/10 MP: 3/3
   103 | D:2      | Found a sparkling altar of Nemelex Xobeh.
   137 | D:3      | Noticed Robin
   142 | D:2      | Reached XP level 2. HP: 10/15 MP: 2/5
   310 | D:2      | Killed Robin
   424 | D:3      | Noticed a dagger
   425 | D:3      | Noticed a dagger
   425 | D:3      | Found a hide-covered altar of Uskayaw.
   435 | D:3      | Reached XP level 3. HP: 18/19 MP: 4/7
   557 | D:4      | Slain by a worker ant

Vault maps used:
D:1:      minmay_arrival_four_houses, minmay_tiny_reverse_x
D:2:      lemuel_crystal_altar
D:3:      nicolae_gozag_cash_rules_everything_around_me,
          dancing_weapons_uskayaw, uniq_robin
D:4:      bloody_trog, serial_shops, nicolae_shop_waterfront,
          serial_bayou_lagoon_a

Skill      XL: |  1  2  3 |
---------------+----------+-----
Spellcasting   | 3 |  3.0
Dodging        | |  2.4
Stealth        | |  2.6
Conjurations   | |  4.5

Action                   || total
-------------------------++-------
Melee: Spear             ||    10
       Quarterstaff      ||     7
 Cast: Magic Dart        ||    39
  Use: Potion            ||     1
Armor: Robe              ||     5
Dodge: Dodged            ||    20
